 Dungeon Crawl Stone Soup version 0.30-a0-643-g638baaf3f0 (webtiles) character file.

Game seed: 8445058149777137259

390 Citaku the Covered (level 6, -1/55 HPs)
             Began as a Minotaur Fighter on Jan 16, 2023.
             Slain by a lemure (5 damage)
             ... led by Pikel
             ... on level 4 of the Dungeon.
             The game lasted 00:03:32 (2552 turns).

Citaku the Covered (Minotaur Fighter)               Turns: 2552, Time: 00:03:33

Health: -1/55      AC:  7    Str: 29    XL:     6   Next: 50%
Magic:  5/5        EV:  9    Int:  5    God:
Gold:   162        SH:  4    Dex:  9    Spells: 5/5 levels left

rFire   . . .      SeeInvis .    a - +0 war axe
rCold   + . .      Faith    .    c - +0 buckler
rNeg    . . .      Spirit   .    b - +0 scale mail
rPois   .          Reflect  .    (helmet restricted)
rElec   .          Harm     .    (no cloak)
rCorr   .          Rampage  .    (no gloves)
Will    .....                    (no boots) Stlth
                                 r - amulet of magic regeneration
HPRegen 0.29/turn                j - +6 ring of strength
MPRegen 0.49/turn                q - ring of protection from cold

@: no status effects
A: horns 2, retaliatory headbutt
a: no special abilities


You were on level 4 of the Dungeon.
You visited 1 branch of the dungeon, and saw 4 of its levels.

You collected 162 gold pieces.

Inventory:

Hand Weapons
 a - a +0 war axe (weapon)
Armour
 b - a +0 scale mail (worn)
 c - a +0 buckler (worn)
Jewellery
 j - a +6 ring of strength (left hand)
 q - a ring of protection from cold (right hand)
 r - an amulet of magic regeneration (around neck)
Wands
 u - a wand of polymorph (10)
 A - a wand of flame (17)
Scrolls
 e - a scroll of amnesia {unknown}
 f - a scroll of immolation {unknown}
 g - a scroll of enchant weapon {unknown}
 k - 4 scrolls of identify {unknown}
 l - a scroll of teleportation {unknown}
 n - 3 scrolls of fog {unknown}
 s - a scroll of brand weapon {unknown}
 x - a scroll of noise {unknown}
 y - a scroll of acquirement {unknown}
Potions
 d - a potion of brilliance {unknown}
 h - 2 potions of resistance {unknown}
 i - 2 potions of degeneration {unknown}
 m - a potion of attraction {unknown}
 o - a potion of haste {unknown}
 p - 2 potions of curing {unknown}
 t - a potion of heal wounds {unknown}
 v - a potion of mutation {unknown}
 w - a potion of lignification {unknown}
 z - a potion of flight {unknown}


   Skills:
 + Level 4.9 Fighting
 * Level 5.2 Axes
 * Level 5.9 Armour
 + Level 4.8 Shields


You had 5 spell levels left.
You didn't know any spells.
Your spell library was empty.

Dungeon Overview and Level Annotations

Branches:
Dungeon (4/15)
 Temple: D:4-7

Altars:
Uskayaw
Vehumet

Annotations:
D:4 Pikel


Innate Abilities, Weirdness & Mutations

You have a pair of horns on your head.
You reflexively headbutt those who attack you in melee.


Message History

The lemure is heavily wounded.
You hit the iguana but do no damage. You barely miss the lemure.
You closely miss the lemure. The lemure barely misses you.
The iguana barely misses you. The lemure hits you.
You block the lemure's attack. The lemure hits you.
The iguana barely misses you. The lemure hits you.
You closely miss the iguana.
The iguana is lightly wounded.
You hit the lemure. You slash the lemure! You hit the dart slug.
You barely miss Pikel. The iguana closely misses you. The lemure hits you.
The lemure hits you but does no damage. Pikel barely misses you.
The dart slug barely misses you.
You slash the dart slug!
You kill the dart slug!
You hit the iguana.
You closely miss the lemure. x2; You closely miss Pikel.
The iguana bites you! The lemure hits you. Pikel barely misses you.
You block the lemure's attack.
You are too injured to fight recklessly!
You are too injured to fight recklessly!
You are too injured to fight recklessly!
You are too injured to fight recklessly!
You are too injured to fight recklessly!
You are too injured to fight recklessly!
You are too injured to fight recklessly!
You are too injured to fight recklessly!
You are too injured to fight recklessly!
You are too injured to fight recklessly!
Okay, then.
You miss Pikel. Your headbutt misses Pikel. You hit the iguana.
You miss the lemure. You slash the lemure! The iguana bites you!
* * * LOW HITPOINT WARNING * * *
Pikel says, "All the demons know me.
They respect me."
Pikel hits you with a +2 whip of freezing.
* * * LOW HITPOINT WARNING * * *
Pikel freezes you.
* * * LOW HITPOINT WARNING * * *
The lemure barely misses you. x2; The iguana bites you!
* * * LOW HITPOINT WARNING * * *
The lemure closely misses you. The lemure hits you.
You die...

.............#
............#
...........#
#..........#
#..........#
#..........#
#..5Kl.....#
#..5@5.....#
..#####..........#
.................#
######.########.#
#...# # ###.##
#..## ##..# ##.##


You could see Pikel, 3 lemures and an iguana.

Vanquished Creatures
  Sigmund (D:2)
  A lemure (D:4)
  A hound (D:3)
  A jelly (D:4)
  Jessica (D:2)
  An orc wizard (D:3)
  Robin (D:2)
  3 adders
  4 dart slugs
  2 orcs (D:3)
  5 ball pythons
  2 endoplasms
  10 goblins
  11 hobgoblins
  8 jackals
  A quokka (D:3)
  9 bats
  2 frilled lizards (D:1)
  10 kobolds
  6 rats
80 creatures vanquished.

Notes
Turn   | Place    | Note
-------+----------+-------------------------------------------
     0 | D:1      | Citaku the Minotaur Fighter began the quest for the Orb.
     0 | D:1      | Reached XP level 1. HP: 19/19 MP: 0/0
   209 | D:1      | Reached XP level 2. HP: 22/27 MP: 1/1
   908 | D:2      | Noticed Jessica
   912 | D:2      | Killed Jessica
   913 | D:2      | Reached XP level 3. HP: 33/33 MP: 2/2
   954 | D:2      | Noticed Sigmund
   965 | D:2      | Killed Sigmund
   966 | D:2      | Reached skill level 5 in Armour
   966 | D:2      | Reached XP level 4. HP: 17/41 MP: 3/3
   966 | D:2      | Reached XP level 5. HP: 20/47 MP: 4/4
  1178 | D:2      | Noticed Robin
  1185 | D:2      | Killed Robin
  1390 | D:2      | Found a radiant altar of Vehumet.
  1784 | D:2      | Reached XP level 6. HP: 53/53 MP: 5/5
  2069 | D:3      | Reached skill level 5 in Axes
  2405 | D:3      | Found a hide-covered altar of Uskayaw.
  2542 | D:4      | Noticed Pikel
  2552 | D:4      | Slain by a lemure

Illustrated notes

Levels and vault maps discovered:
D:1:      tarquinn_simple_flora_water_b, layout_basic
D:2:      layout_basic, basic_altar, serial_rivers,
          chequers_serial_rivers_small_3, chequers_serial_rivers_micro_a,
          chequers_serial_rivers_room_a, chequers_serial_rivers_small_b,
          grunt_ministairs_10, kennysheep_generic_room_15, uniq_jessica,
          uniq_sigmund, uniq_robin
D:3:      layout_rooms, mainiacjoe_overflow_six_doors_small
D:4:      layout_basic, serial_shops, nicolae_square_shop, uniq_menkaure,
          uniq_pikel

Skill      XL: |  1  2  3  4  5  6 |
---------------+-------------------+-----
Armour         | 4 5 |  5.9
Axes           | 3 4 5 |  5.2
Fighting       | 4 |  4.9
Shields        | 4 |  4.8

Action                   |  1- 3 |  4- 6 || total
-------------------------+-------+-------++-------
Melee: War axe           |    59 |    89 ||   148
       Headbutt          |    11 |    10 ||    21
  Use: Potion            |     1 |       ||     1
Armor: Scale mail        |    24 |    51 ||    75
Dodge: Dodged            |    23 |    48 ||    71
Block: Buckler           |    18 |    21 ||    39

Table legend: (Time is in decaauts)
 A = Elapsed time spent in this place.
 B = Non-inter-level travel time spent in this place.
 C = Inter-level travel time spent in this place.
 D = Time resting spent in this place.
 E = Time spent auto-exploring this place.
 F = Levels seen in this place.
 G = Mean time per level.
                   A        B        C        D        E       F      G
               +--------+--------+--------+--------+--------+-----+--------+
         Total |   2602 |   2528 |     74 |     24 |   2120 |   4 |  650.5 |
       Dungeon |   2602 |   2528 |     74 |     24 |   2120 |   4 |  650.5 |
               +--------+--------+--------+--------+--------+-----+--------+

Top non-repeatable levels by time:
     D:2: 1128 daAuts
     D:1: 873 daAuts
     D:3: 523 daAuts
     D:4: 76 daAuts
